 Dungeon Crawl Stone Soup version 0.18-a0-1551-g40744a8 (console) character file.

1486 Liam the Thaumaturge (level 8, 0/41 HPs)
             Began as a Deep Elf Conjurer on Mar 11, 2016.
             Slain by Edmund
             ... wielding a +2 flail of holy wrath
              (12 damage)
             ... on level 6 of the Dungeon.
             The game lasted 00:15:35 (5617 turns).

Liam the Thaumaturge (Deep Elf Conjurer)            Turns: 5617, Time: 00:15:35

Health: 0/41       AC:  3    Str:  5    XL:     8   Next: 50%
Magic:  2/23       EV: 13    Int: 23    God:
Gold:   256        SH:  0    Dex: 15    Spells: 3 memorised, 15 levels left

rFire  . . .     SeeInvis .     (no weapon)
rCold  . . .     Gourm    .     a - +0 robe
rNeg   . . .     Faith    .     (no shield)
rPois  .         Spirit   .     (no helmet)
rElec  .         Dismiss  .     y - +0 cloak
rCorr  +         Reflect  .     (no gloves)
SustAt .         Harm     .     (no boots)
MR     .....                    (no amulet)
Stlth  ++........               G - ring of flight
                                t - ring of resist corrosion

@: not resistant to hostile enchantments, unstealthy
A: no striking features
a: Evoke Flight


You were on level 6 of the Dungeon.
You were not hungry.

You visited 2 branches of the dungeon, and saw 7 of its levels.

You collected 256 gold pieces.

Inventory:

Armour
 a - a +0 robe (worn)
 y - a +0 cloak (worn)
Jewellery
 o - an uncursed ring of ice
 t - a ring of resist corrosion (left hand)
 G - a ring of flight (right hand)
Wands
 d - a wand of flame (12/48)
 z - a wand of polymorph (15/24)
 E - a wand of flame (27/48)
Scrolls
 e - a scroll of fog {unknown}
 f - 2 scrolls of identify {unknown}
 g - 4 scrolls of teleportation {unknown}
 i - 2 scrolls of immolation {unknown}
 j - a scroll of enchant weapon {unknown}
 p - a scroll of amnesia {unknown}
 q - a scroll of noise {unknown}
 r - 3 scrolls of fear {unknown}
 s - 2 scrolls of recharging {unknown}
 x - 2 scrolls of enchant armour {unknown}
Potions
 h - 2 potions of curing {unknown}
 k - a potion of haste
 l - a potion of degeneration {unknown}
 m - a potion of brilliance {unknown}
 n - a potion of cancellation {unknown}
 v - 2 potions of cure mutation {unknown}
 w - 2 potions of agility {unknown}
 A - 2 potions of heal wounds {unknown}
 F - a potion of berserk rage {unknown}
Books
 b - a book of Conjurations

   Spells                             Type                      Level
   a - Magic Dart                     Conjuration                  1
   b - Searing Ray                    Conjuration                  2
   c - Dazzling Spray                 Conjuration/Hexes            3
   d - Fulminant Prism                Conjuration/Hexes            4
   e - Iskenderun's Mystic Blast      Conjuration                  4
   f - Iskenderun's Battlesphere      Conjuration/Charms           5
 u - a book of Maledictions

   Spells                             Type                      Level
   a - Corona                         Hexes                        1
   b - Ensorcelled Hibernation        Hexes/Ice                    2
   c - Confuse                        Hexes                        3
   d - Tukima's Dance                 Hexes                        3
   e - Dazzling Spray                 Conjuration/Hexes            3
 C - a book of Power

   Spells                             Type                      Level
   a - Fulminant Prism                Conjuration/Hexes            4
   b - Iskenderun's Mystic Blast      Conjuration                  4
   c - Venom Bolt                     Conjuration/Poison           5
   d - Bolt of Magma                  Conjuration/Fire/Earth       5
   e - Iron Shot                      Conjuration/Earth            6
   f - Orb of Destruction             Conjuration                  7
   g - Spellforged Servitor           Conjuration/Summoning        7
Comestibles
 c - 3 bread rations
 B - 2 chunks of flesh
 D - a meat ration


   Skills:
 - Level 2.4 Dodging
 - Level 2.4 Stealth
 + Level 9.1 Spellcasting
 + Level 8.8 Conjurations
 + Level 6.3 Charms


You had 15 spell levels left.
You knew the following spells:

 Your Spells              Type           Power        Failure   Level  Hunger
a - Magic Dart            Conj           ####         1%          1    None
p - Iskenderun's Battles  Conj/Chrm      #####...     10%         5    ####...
x - Iskenderun's Mystic   Conj           ######..     1%          4    ##.....


Dungeon Overview and Level Annotations

Branches:
Dungeon (6/15)             Temple (1/1) D:4

Altars:
Cheibriados
Dithmenos
Elyvilon
Fedhas
Gozag
Kikubaaqudgha
Makhleb
Nemelex Xobeh
Pakellas
Qazlal
Ru
Xom
Zin
The Shining One

Annotations:
D:6 Edmund


Message History

Edmund is severely wounded.
Your battlesphere fires!
The barrage of energy hits Edmund.
Edmund is severely wounded.
Edmund hits you with a flail of holy wrath.
Unknown command.
Casting: Iskenderun's Mystic Blast
Confirm with . or Enter, or press ? or * to list all spells.
Aiming: Magic Dart
Press: ? - help, Shift-Dir - straight line, f/p - Edmund
Aim: Edmund, wielding a flail of holy wrath and wearing a chain mail (severely wounded)
The magic dart hits Edmund.
Edmund is severely wounded.
Your battlesphere fires!
The barrage of energy hits the iguana.
The iguana is almost dead.
The iguana bites you.
* * * LOW HITPOINT WARNING * * *
Edmund hits you with a flail of holy wrath!
You die...

#.# #.# ..#
#.# #.#
#.### #l*.#
#@..# #@†.#
.......
......(.#
.........#
####...####
#...# .....


You could see Edmund, an iguana and a friendly battlesphere.

Vanquished Creatures
  Sigmund (D:2)
  A phantom (D:4)
  An ogre (D:4)
  2 centaurs
  The ghost of Liam the Conjurer, an amateur DECj (D:3)
  A scorpion (D:5)
  2 crimson imps (D:5)
  Crazy Yiuf (D:4)
  2 orc priests
  2 hounds
  Ijyb (D:2)
  7 orc wizards
  2 iguanas
  2 worker ants (D:4)
  A hound skeleton (D:5)
  Robin (D:2)
  6 gnolls (D:5)
  10 adders
  A shadow imp (D:5)
  3 oozes
  An adder skeleton (D:5)
  4 worms
  3 dart slugs
  7 giant geckos
  19 orcs
  8 bats
  6 giant cockroaches
  12 goblins
  11 hobgoblins
  2 jackals (D:3)
  5 kobolds
  3 quokkas
  2 giant gecko skeletons (D:4)
  6 giant newts
  5 rats
142 creatures vanquished.

Vanquished Creatures (others)
  A quokka (D:3)
1 creature vanquished.

Grand Total: 143 creatures vanquished

Notes
Turn   | Place    | Note
--------------------------------------------------------------
     0 | D:1      | Liam the Deep Elf Conjurer began the quest for the Orb.
     0 | D:1      | Reached XP level 1. HP: 10/10 MP: 6/6
   150 | D:1      | Reached XP level 2. HP: 15/15 MP: 2/8
   341 | D:1      | Reached skill level 5 in Conjurations
   521 | D:2      | Reached skill level 4 in Spellcasting
   521 | D:2      | Reached XP level 3. HP: 19/19 MP: 4/10
   809 | D:2      | Found a glowing golden altar of the Shining One.
   928 | D:2      | Noticed Sigmund
   936 | D:2      | Killed Sigmund
   936 | D:2      | Reached skill level 5 in Spellcasting
   936 | D:2      | Reached XP level 4. HP: 13/24 MP: 2/13
   936 | D:2      | Reached XP level 5. HP: 15/28 MP: 2/15
  1022 | D:2      | Noticed Robin
  1119 | D:2      | Killed Robin
  1119 | D:2      | Reached skill level 6 in Spellcasting
  1402 | D:2      | Found a blossoming altar of Fedhas.
  1403 | D:2      | Noticed Ijyb
  1415 | D:2      | Killed Ijyb
  1415 | D:2      | Reached XP level 6. HP: 21/32 MP: 4/17
  1698 | D:3      | Found an ancient bone altar of Kikubaaqudgha.
  1731 | D:3      | Noticed Liam's ghost (amateur DECj)
  1770 | D:3      | Learned a level 4 spell: Iskenderun's Mystic Blast
  1774 | D:3      | Killed Liam's ghost
  2114 | D:3      | Found a white marble altar of Elyvilon.
  2260 | D:3      | Learned a level 5 spell: Iskenderun's Battlesphere
  2291 | D:3      | Reached skill level 1 in Charms
  2405 | D:3      | Found an oddly glowing altar of Pakellas.
  2789 | D:4      | Reached skill level 7 in Spellcasting
  3265 | D:4      | Reached XP level 7. HP: 34/36 MP: 0/19
  4283 | D:4      | Noticed Crazy Yiuf
  4286 | D:4      | Killed Crazy Yiuf
  4342 | D:4      | Reached skill level 8 in Spellcasting
  4390 | D:4      | Found a staircase to the Ecumenical Temple.
  4397 | Temple   | Entered the Ecumenical Temple
  4690 | D:5      | Entered Level 5 of the Dungeon
  4745 | D:5      | Reached skill level 5 in Charms
  4847 | D:5      | Reached XP level 8. HP: 41/41 MP: 12/22
  5168 | D:5      | Found a snail-covered altar of Cheibriados.
  5292 | D:5      | Reached skill level 9 in Spellcasting
  5611 | D:6      | Noticed Edmund
  5617 | D:6      | Slain by Edmund

Vault maps used:
D:1:      lightli_arrival_flooded_house
D:2:      lemuel_round_altar, tso_metal_star, first_bread, uniq_iyjb,
          uniq_robin, uniq_sigmund
D:3:      kiku_gazebo_pond_becter, old_standard_altar,
          overflow_temple_1_default, minivault_4, st_stairs_13
D:4:      minmay_temple_entry_fiery, uniq_crazy_yiuf_cottage
D:5:      overflow_temple_1_default
D:6:      lemuel_blue_sif_altar, grunt_temple_overflow_bloody_war,
          uniq_blork_the_orc, uniq_edmund
Temple:   minmay_temple_curvy_8

Skill      XL: |  1  2  3  4  5  6  7  8 |
---------------+-------------------------+-----
Conjurations   | 5 6 7 8 |  8.8
Spellcasting   | 4 5 6 7 8 9 |  9.1
Charms         | 2 5 6 |  6.3
Dodging        | |  2.4
Stealth        | |  2.4

Action                   |  1- 3 |  4- 6 |  7- 9 || total
-------------------------+-------+-------+-------++-------
 Cast: Magic Dart        |    71 |   149 |   106 ||   326
       Iskenderun's Myst |       |     9 |     9 ||    18
       Iskenderun's Batt |       |     3 |    16 ||    19
  Use: Potion            |       |     3 |       ||     3
  Eat: Chunk             |       |     7 |     8 ||    15
       Meat ration       |       |     1 |       ||     1
       Beef jerky        |       |       |     1 ||     1
